[Event "Early-Titled-Tuesday-Blitz-June-18-2024"]
[Site "Chess.com"]
[Date "2024.06.18"]
[Round "10"]
[White "David_ATM"]
[Black "elizabethcastaneda"]
[Result "1-0"]
[WhiteElo "2423"]
[BlackElo "2196"]
[TimeControl "180+1"]
[EndTime "9:58:52 PDT"]
[Termination "David_ATM won on time"]

1. e4 c5 2. c3 d5 3. exd5 Qxd5 4. d4 cxd4 5. Nf3 Nc6 6. cxd4 e5 7. Nc3 Bb4 8. dxe5 Qxd1+ 9. Kxd1 Bg4 10. Bf4 O-O-O+ 11. Kc2 Bxf3 12. gxf3 Nd4+ 13. Kc1 Ne7 14. Bh3+ Kb8 15. Be3 Nxf3 16. Kc2 Ng6 17. Rad1 Ngxe5 18. Bg2 f6 19. a3 Bxc3 20. bxc3 b6 21. Bf4 Kc8 22. Bh3+ Kb7 23. Bg2 Kc8 24. Bh3+ Kb7 25. a4 Kc7 26. Bg2 Kc8 27.
a5 Rxd1 28. Rxd1 Rd8 29. Rb1 bxa5 30. Rb5 g5 31. Bg3 Rd2+ 32. Kc1 Ra2 33. Kb1 Ra3 34. Rc5+ Kd7 35. Rb5 Rxc3 36. Rxa5 Rc7 37. Bxf3 Nxf3 38. Bxc7 Kxc7 39. Rxa7+ Kd6 40. Rxh7 Ke5 41. Kc1 Kf5 42. Kd1 Kg4 43. Ke2 f5 44. h3+ Kf4 45. Ra7 Ng1+ 46.
Kf1 Nxh3 47. Ra4+ Ke5 48. Ra5+ Kf4 49. Kg2 g4 50. Ra4+ Kg5 51. Kg3 f4+ 52. Kg2 Kh4 53. Ra8 f3+ 54. Kh2 Nf4 55. Rh8+ Kg5 56. Kg1 Ne2+ 57.
Kf1 Nf4 58. Rf8 Ne2 59. Ra8 Nf4 60. Ra5+ Kh4 61. Ra4 Ne2 62. Re4 Kh3 63. Re8 g3 64.
Rh8+ Kg4 65. Rg8+ Kf4 66. fxg3+ Nxg3+ 67. Kf2 Ne4+ 68. Ke1 1-0

[Event "Early-Titled-Tuesday-Blitz-June-18-2024"]
[Site "Chess.com"]
[Date "2024.06.18"]
[Round "10"]
[White "Pelusiansky"]
[Black "Nf3c5"]
[Result "1-0"]
[WhiteElo "2466"]
[BlackElo "2597"]
[TimeControl "180+1"]
[EndTime "9:58:54 PDT"]
[Termination "Pelusiansky won on time"]

1. c4 c5 2. Nc3 Nc6 3. g3 g6 4.
Bg2 Bg7 5. e3 h5 6. h3 a6 7. Nge2 b5 8. cxb5 axb5 9. d4 b4 10.
Ne4 cxd4 11. exd4 Ba6 12. Be3 Nh6 13. d5 Ne5 14. Nc5 Bb5 15. Nd4 Qb6 16. Nxb5 Qxb5 17. Bd4 Nf5 18. Bf1 Qa5 19. Bxe5 Bxe5 20. Nb3 Qb6 21. Bd3 Nxg3 22. fxg3 Bxg3+ 23. Kd2 Rc8 24. Qf3 Be5 25. Rab1 g5 26. Rhe1 Bf4+ 27. Kd1 Qf6 28. Re4 e5 29. dxe6 dxe6 30. h4 e5 31. Bb5+ Kf8 32.
hxg5 Qxg5 33. Rxf4 exf4 34. Nd2 Qxb5 35. Qxf4 Rd8 36.
Qf6 Rxd2+ 37. Kxd2 Qd5+ 38. Ke3 Rg8 39. Rf1 Rg3+ 40. Rf3 Qc5+ 41. Ke2 Rg2+ 42. Rf2 Qc4+ 43. Ke3 Qc5+ 44. Ke2 Qc4+ 45. Ke3 Rg3+ 46. Rf3 Qc5+ 47. Ke2 Qc2+ 48. Kf1 Qd1+ 49. Kf2 Qg1+ 50. Ke2 Rg2+ 51. Rf2 Rxf2+ 52. Qxf2 Qg4+ 53. Kd2 Qd7+ 54. Kc2 Qd5 55. Qf4 Qxa2 56. Qxb4+ Kg8 57. Qb8+ Kh7 58. Qf4 Qe6 59. b4 Qa2+ 60. Kc3 Qa3+ 61. Kc4 Qa6+ 62. Kc5 Qc8+ 63. Kd4 Qd7+ 64. Ke3 Qe7+ 65. Qe4+ Qxe4+ 66. Kxe4 h4 67. b5 h3 68. Kf3 h2 69. Kg2 Kg6 70. b6 f5 71. b7 f4 72. b8=Q f3+ 73. Kxh2 f2 74. Kg2 f1=Q+ 75. Kxf1 1-0

[Event "Early-Titled-Tuesday-Blitz-June-18-2024"]
[Site "Chess.com"]
[Date "2024.06.18"]
[Round "10"]
[White "sammartin99"]
[Black "LangesNasenhaar"]
[Result "1-0"]
[WhiteElo "2333"]
[BlackElo "2457"]
[TimeControl "180+1"]
[EndTime "9:58:58 PDT"]
[Termination "sammartin99 won by resignation"]

1. d4 g6 2. e4 Bg7 3. Nc3 c6 4. Be3 d5 5. e5 f6 6. f4 Nh6 7. Nf3 Nf5 8. Bf2 fxe5 9. fxe5 O-O 10. Bd3 e6 11. O-O Nd7 12. Ne2 c5 13. c3 b6 14.
Ng3 Nxg3 15. Bxg3 Bh6 16. Qe2 Qe8 17. Bh4 Bb7 18. Ng5 Qe7 19. Qg4 Rae8 20. Rxf8+ Nxf8 21. Rf1 Qg7 22. Rf7 Qxf7 23. Nxf7 Kxf7 24. Bb5 Rc8 25. Bf2 cxd4 26. Bxd4 Bc6 27. Bd3 Kg8 28. h4 Be8 29. h5 Bg7 30. hxg6 Bxg6 31. Bxg6 hxg6 32. Qg5 Kf7 33. Qf4+ Kg8 34. a4 Rc4 35. b3 Rc7 36. Qh4 Rd7 37. Kf1 Kf7 38. Ke2 Ke8 39. Kd3 Rf7 40.
Kc2 Nd7 41. Qg3 Nf8 42. b4 Rf5 43. a5 bxa5 44. bxa5 a6 45. Kb3 Kf7 46. Qd3 Bxe5 47. Qxa6 Bxd4 48. cxd4 Nd7 49. Qb7 Ke7 50. a6 Rf1 51.
Kb2 Rf2+ 52. Kc1 Rf1+ 53. Kd2 Rf2+ 54. Ke1 Ra2 55. a7 Ra1+ 56. Kf2 Kd6 57. a8=Q Rxa8 58. Qxa8 Nf6 59. Qa6+ Ke7 60. Ke3 Ne4 61. Qb7+ Kf6 62. Qb8 Nc3 63. Qe5+ Ke7 64. g4 Ne4 65. g5 Kf7 66. Qc7+ Kf8 67. Kf4 Kg8 68. Qa7 Kf8 69. Qd7 Nc3 70. Qxe6 Kg7 71. Qe5+ Kf7 72. Qf6+ Ke8 73.
Qxg6+ Ke7 74. Qf6+ Kd7 75. g6 Ne2+ 76. Ke3 Nxd4 77.
Kxd4 1-0

[Event "Early-Titled-Tuesday-Blitz-June-18-2024"]
[Site "Chess.com"]
[Date "2024.06.18"]
[Round "10"]
[White "Alphafischer2019"]
[Black "js20000"]
[Result "1-0"]
[WhiteElo "2661"]
[BlackElo "2795"]
[TimeControl "180+1"]
[EndTime "9:58:59 PDT"]
[Termination "Alphafischer2019 won by checkmate"]

1. Nf3 d6 2. d4 Bf5 3. Bf4 Nf6 4. e3 c6 5. Nbd2 Nbd7 6. h3 h6 7. c3 e6 8. Qb3 Nb6 9. a4 a5 10. Nc4 Nxc4 11. Bxc4 Rb8 12. O-O Be7 13. Rfe1 O-O 14. Bf1 Qd7 15. Nd2 Ne4 16. Nc4 b6 17. f3 Nf6 18. e4 Bh7 19. Bh2 d5 20. Ne5 Qb7 21. Bd3 Rbc8 22. Qc2 dxe4 23. fxe4 c5 24. Qe2 Rcd8 25.
Ba6 Qa8 26. d5 Bxe4 27. Nc6 Rde8 28. Nxe7+ Rxe7 29. Bd6 Nxd5 30. Bxe7 Nxe7 31. Qxe4 Qxa6 32. Rad1 Qc8 33. Qe5 Rd8 34. Rd6 Nf5 35. Rxd8+ Qxd8 36. Qe2 Qh4 37. Qf2 Qxa4 38. g4 Ne7 39. Rf1 f6 40.
Re1 Kf7 41. Qe2 Qd7 42. Rd1 Qc7 43. Re1 Qg3+ 44. Kh1 Qxh3+ 45. Kg1 Qg3+ 46. Kh1 Qd6 47. Rd1 Qc6+ 48. Kg1 Ng6 49. Qa6 Ne5 50. Qa7+ Kg6 51.
Qb8 Qf3 52. Qe8+ Kg5 53. Qh5+ Kf4 54. Rf1 g5 55. Rxf3+ Kxf3 56. Qxh6 Nxg4 57. Qh3+ Kf4 58. Qf1+ Ke5 59. Qe2+ Kf4 60. Qxe6 f5 61. Qxb6 c4 62.
Qd4+ Kg3 63. Qxc4 f4 64. Qd3+ f3 65. Qd6+ Kh3 66. Kf1 Kh4 67. c4 Kh3 68. c5 a4 69.
c6 Nh2+ 70. Qxh2+ Kxh2 71. c7 a3 72. bxa3 Kg3 73. c8=Q g4 74. Qc7+ Kh3 75. Kf2 Kh4 76. Qe5 g3+ 77. Qxg3+ Kh5 78. Kxf3 Kh6 79. Kf4 Kh7 80. Kf5 Kh8 81. Kf6 Kh7 82. Qg7# 1-0

[Event "Early-Titled-Tuesday-Blitz-June-18-2024"]
[Site "Chess.com"]
[Date "2024.06.18"]
[Round "10"]
[White "RandomNoob04"]
[Black "Feegus"]
[Result "1/2-1/2"]
[WhiteElo "2810"]
[BlackElo "2694"]
[TimeControl "180+1"]
[EndTime "9:59:00 PDT"]
[Termination "Game drawn - insufficient material"]

1. e4 e5 2. d4 exd4 3. Qxd4 Nf6 4. e5 Nc6 5. Qe3 Ng4 6. Qe4 d5 7. exd6+ Be6 8. Ba6 Qc8 9. Qxc6+ bxc6 10. Bxc8 Rxc8 11. dxc7 Rxc7 12. h3 Nf6 13. Nc3 Bb4 14. Ne2 Bc4 15. Be3 Nd5 16. Bd2 Re7 17. Kd1 Nxc3+ 18. Nxc3 O-O 19.
Be3 Rd8+ 20. Kc1 Red7 21. a3 Bxc3 22. bxc3 c5 23. Bxc5 Rd2 24. Bxa7 Be6 25. Be3 Re2 26. Rd1 Rb8 27. Rb1 Rxc2+ 28. Kxc2 Bf5+ 29. Kd2 Bxb1 30. a4 h6 31. a5 Be4 32. a6 Rb2+ 33. Ke1 Ra2 34.
a7 Bxg2 35. Bb6 h5 36. c4 h4 37. c5 Kh7 38. Rd6 Bf3 39. c6 Re2+ 40. Kf1 Rc2 41. Ba5 Rxc6 42. Rd3 Rc1+ 43. Be1 Bb7 44. Rb3 Bd5 45. Rb8 Ra1 46. Ke2 Kg6 47. Rd8 Bc4+ 48. Ke3 Rxa7 49. Rd6+ Be6 50. Bc3 Ra3 51. Kd2 Ra4 52.
Rd4 Rxd4+ 53. Bxd4 f6 54. Ke3 Kf5 55. Kf3 g5 56. Kg2 Bd5+ 57. Kh2 Ke6 58. Be3 Kf5 59. Bd4 Bc6 60. Bc3 Bd7 61. Bb2 Ke6 62. Bc1 Kf7 63. f4 Kg6 64. fxg5 fxg5 65. Bd2 Kf5 66. Bc1 Bc6 67. Bd2 Bd7 68. Bc1 Kg6 69. Bd2 Kh5 70. Bc1 Bxh3 71. Kxh3 g4+ 72. Kh2 g3+ 73. Kh3 Kg6 74. Kxh4 g2 75. Be3 Kf5 76. Kg3 Ke4 77.
Kxg2 1/2-1/2

[Event "Early-Titled-Tuesday-Blitz-June-18-2024"]
[Site "Chess.com"]
[Date "2024.06.18"]
[Round "10"]
[White "Rawnsdale"]
[Black "tarno17"]
[Result "1-0"]
[WhiteElo "2478"]
[BlackElo "2173"]
[TimeControl "180+1"]
[EndTime "9:59:09 PDT"]
[Termination "Rawnsdale won on time"]

1. e4 c5 2. Nf3 e6 3. d4 cxd4 4. Nxd4 a6 5. Nc3 Qc7 6. Be2 b5 7.
a3 Bb7 8. O-O Nf6 9. Bf3 Nc6 10.
Re1 Ne5 11. Bf4 d6 12. Bxe5 dxe5 13. Nb3 Bc5 14. Qe2 O-O 15. a4 b4 16. Na2 a5 17.
Nac1 Ba6 18. Nd3 Bb6 19. Qd2 h6 20. g3 Rfd8 21. h3 Rac8 22. Rac1 Nh7 23. h4 Nf6 24. Kg2 Rd7 25. c4 Rcd8 26. c5 Ba7 27. c6 Rxd3 28. Qc2 R3d6 29. h5 Rc8 30. Red1 Rxd1 31. Qxd1 Rd8 32. Qe1 Bd4 33. Nc5 Bxc5 34. Rxc5 Rc8 35. Qc1 Bd3 36. Qe3 Bb1 37. b3 Rd8 38. Qc1 Bd3 39.
Qe3 Ba6 40. Rc1 Ne8 41. Qc5 Qd6 42. Qb6 Bc8 43. Qxa5 Qc7 44. Qxb4 Rd3 45. Qc4 Rd2 46. b4 Qb6 47. Qc5 Qxc5 48. Rxc5 Rb2 49. b5 Ra2 50. b6 Nd6 51. b7 Nxb7 52. cxb7 Bxb7 53. Rb5 Bc6 54. Ra5 Rxa4 55. Rxe5 Ra3 56. Rc5 Ba4 57. e5 Bb3 58. Be4 g6 59. hxg6 fxg6 60. Bxg6 Ra8 61. Be4 Rb8 62. Rc7 Ba2 63. Rd7 Rb5 64. f4 Rb4 65. Kf3 Rb3+ 66. Bd3 Bb1 67. Ke3 Bxd3 68.
Rxd3 Rb2 69. Rd6 Kf7 70. Rd7+ Kg6 71. g4 Rb3+ 72. Ke4 Rb4+ 73. Kf3 Rb3+ 74. Kg2 Rb2+ 75.
Kg3 Rb3+ 76. Kh4 Rb1 77. Re7 Rh1+ 78. Kg3 Rg1+ 79. Kf3 Rf1+ 80. Kg3 Rg1+ 81. Kh3 Rh1+ 82. Kg2 1-0

[Event "Early-Titled-Tuesday-Blitz-June-18-2024"]
[Site "Chess.com"]
[Date "2024.06.18"]
[Round "10"]
[White "AjedrezInteligente"]
[Black "RantomOpening"]
[Result "1-0"]
[WhiteElo "2437"]
[BlackElo "2597"]
[TimeControl "180+1"]
[EndTime "9:59:11 PDT"]
[Termination "AjedrezInteligente won by checkmate"]

1. e4 c5 2. c3 Nf6 3. e5 Nd5 4.
d4 cxd4 5. Nf3 d6 6. cxd4 Nc6 7.
Bc4 dxe5 8. dxe5 Be6 9. O-O g6 10.
Ng5 Nxe5 11. Nxe6 fxe6 12. Bb5+ Kf7 13. Re1 Bg7 14. Bd2 a6 15. Bf1 Qd6 16. Nc3 Nxc3 17. Bxc3 Rhd8 18. Qb3 Qd5 19. Bxe5 Bxe5 20. Bc4 Qd6 21.
Rad1 Qc6 22. Rxd8 Rxd8 23. Rxe5 b5 24. Bxe6+ Kg7 25. Re1 Qd6 26. Qc3+ Qd4 27. g3 Qxc3 28. bxc3 Rd2 29. a4 bxa4 30. Ra1 Rd6 31. Bc4 Rc6 32. Rxa4 e5 33. Kf1 Rc5 34. Ke2 a5 35. Kd3 Kf6 36. f3 h5 37. Ra1 g5 38. Rb1 Rc8 39. Rb6+ Kg7 40. Ra6 Rd8+ 41. Ke4 Rc8 42. Bd3 Rxc3 43.
Rxa5 g4 44. fxg4 hxg4 45. Rxe5 Ra3 46. Be2 Kf6 47. Rf5+ Kg6 48. Bxg4 Ra2 49. h4 Ra4+ 50. Kf3 Rb4 51. Rg5+ Kh6 52. Bf5 Rf4+ 53. Kg2 Rf2+ 54. Kg1 Rf1+ 55. Kh2 Rf2+ 56. Kh1 Rf1+ 57. Kg2 Rf2+ 58.
Kg1 Rg2+ 59. Kf1 Rg1+ 60. Ke2 Re1+ 61. Kd3 Re3+ 62. Kd4 Re4+ 63. Kd5 Re5+ 64. Kd6 Rd5+ 65. Ke7 Re5+ 66. Kf6 Re1 67. Rg6+ Kh5 68. g4+ Kxh4 69. Rh6+ Kg3 70. g5 Ra1 71. g6 Kf4 72. Rh4+ Kg3 73. Rg4+ Kf3 74. Rd4 Ra6+ 75. Be6 Ke3 76. Rb4 Ra1 77.
g7 Rg1 78. g8=Q Rf1+ 79. Ke5 Kd2 80. Qg2+ Ke3 81. Rb3# 1-0

[Event "Early-Titled-Tuesday-Blitz-June-18-2024"]
[Site "Chess.com"]
[Date "2024.06.18"]
[Round "10"]
[White "TigrVShlyape"]
[Black "DominguezOnYoutube"]
[Result "1/2-1/2"]
[WhiteElo "3005"]
[BlackElo "2921"]
[TimeControl "180+1"]
[EndTime "9:59:20 PDT"]
[Termination "Game drawn by stalemate"]

1. d4 Nf6 2. Bf4 d5 3. e3 e6 4.
Nf3 c5 5. c3 Bd6 6. Bb5+ Nc6 7.
Bxc6+ bxc6 8. Bxd6 Qxd6 9. Qa4 O-O 10. Nbd2 cxd4 11. cxd4 c5 12. Qa3 Qa6 13. Qxa6 Bxa6 14. dxc5 Rab8 15. b3 Rfc8 16. Rc1 Nd7 17. c6 Bb5 18. Nd4 Ne5 19. Rc3 Bxc6 20. Ke2 Bb7 21. Rhc1 Ba6+ 22. Kd1 Nd3 23. Rxc8+ Rxc8 24. Rxc8+ Bxc8 25. f4 Bd7 26. N2f3 f6 27. Kd2 Nc5 28. Kc3 a5 29. b4 Ne4+ 30. Kb3 axb4 31. Kxb4 Kf8 32.
a4 Ke7 33. a5 Kd6 34. a6 Kc7 35. Ka5 Nd6 36. Nd2 h6 37. h4 h5 38. g3 g6 39.
N4b3 Kc6 40. a7 Kb7 41. Nc5+ Kxa7 42. Nxd7 Nf5 43. Nf1 Kb7 44. Nxf6 Kc6 45. Kb4 Kd6 46. Kc3 e5 47. Nh7 d4+ 48. Kd3 dxe3 49. fxe5+ Kxe5 50. Ng5 Nxg3 51. Nxg3 Kf4 52. N3e4 Kg4 53. Kxe3 Kxh4 54.
Kf2 Kg4 55. Kg2 h4 56. Kh2 h3 57. Kg1 Kf4 58. Kh1 Kf5 59. Kh2 Kg4 60. Nxh3 g5 61. Kg2 Kf5 62. Ng3+ Kg6 63. Nf2 g4 64. Nd3 Kf7 65. Kf2 Ke7 66. Ke3 Kd6 67. Kd4 Ke6 68. Kc5 Kd7 69. Nf4 Ke7 70. Kc6 Kf6 71. Kd6 Kf7 72.
Nd5 Ke8 73. Kc7 Kf7 74. Kd7 Kf8 75. Nf6 Kf7 76. Nfe4 Kf8 77. Nd6 Kg7 78. Ke6 Kf8 79. Kf6 Kg8 80. Ke7 Kg7 81. Nde4 Kg8 82. Ng5 Kg7 83. Ne6+ Kg6 84. Nf4+ Kg5 85. Nfe2 Kh4 86. Kf6 Kh3 87. Kf5 Kg2 88. Kf4 Kf2 89. Nc3 Ke1 90.
Ke3 1/2-1/2

[Event "Early-Titled-Tuesday-Blitz-June-18-2024"]
[Site "Chess.com"]
[Date "2024.06.18"]
[Round "10"]
[White "Aradhya2000"]
[Black "ellatambien"]
[Result "0-1"]
[WhiteElo "2808"]
[BlackElo "2708"]
[TimeControl "180+1"]
[EndTime "9:59:21 PDT"]
[Termination "ellatambien won by checkmate"]

1. d4 d5 2. Nf3 c5 3. c4 e6 4. cxd5 exd5 5. Nc3 Nc6 6. dxc5 Bxc5 7. Qxd5 Qe7 8. Bg5 f6 9. Bh4 Be6 10. Qe4 O-O-O 11.
e3 Nh6 12. Bb5 Bd7 13. O-O Qf7 14. Rac1 Rhe8 15. Qd5 Bb6 16. Qxf7 Nxf7 17. Bg3 Bc7 18. Bxc7 Kxc7 19. Rfd1 a6 20. Bc4 Nfe5 21. Nxe5 Nxe5 22. Bd5 Kb8 23. Ne4 Bf5 24. Ng3 Bg6 25. e4 Re7 26. h4 Red7 27. Bb3 Rxd1+ 28. Rxd1 Rxd1+ 29. Bxd1 Nd3 30. b3 Kc7 31. Nf5 Bxf5 32. exf5 Kd6 33. Bf3 b6 34. Be2 Nc1 35. Bxa6 Nxa2 36. g3 Ke5 37.
Kf1 Nb4 38. Bc8 Nc2 39. Kg2 Nd4 40. b4 Nxf5 41. Kf3 Nd6 42. Bd7 Kd4 43. h5 Kc4 44. h6 gxh6 45. Kg4 Kxb4 46. Kh5 Kc4 47. Kxh6 b5 48.
Kxh7 Ne4 49. Kg6 b4 50. Be6+ Kd4 51. f3 Ke5 52. Bb3 Nxg3 53. f4+ Kxf4 54. Kxf6 Ke3 55.
Ke5 Kd3 56. Be6 Kc3 57. Kf4 Ne2+ 58. Ke3 Nd4 59. Bf7 Nf5+ 60. Ke2 Nd6 61. Bd5 Nc4 62. Be4 b3 63. Bh7 b2 64. Bg6 Na3 65. Kd1 Nb5 66. Bh7 Nd6 67. Bg6 Nc4 68. Ke2 Ne5 69. Bh7 Nc6 70.
Bg6 Nd4+ 71. Kd1 Nf3 72. Be4 Ne5 73. Bh7 Nd3 74. Bxd3 Kxd3 75. Ke1 b1=Q+ 76. Kf2 Qd1 77.
Kg3 Qf1 78. Kg4 Ke4 79. Kg5 Qf5+ 80. Kh6 Qg4 81. Kh7 Kf5 82. Kh8 Kf6 83. Kh7 Qg7# 0-1

[Event "Early-Titled-Tuesday-Blitz-June-18-2024"]
[Site "Chess.com"]
[Date "2024.06.18"]
[Round "10"]
[White "JJDAREK"]
[Black "masterofpuppets2"]
[Result "1-0"]
[WhiteElo "2355"]
[BlackElo "2469"]
[TimeControl "180+1"]
[EndTime "9:59:41 PDT"]
[Termination "JJDAREK won by resignation"]

1. Nf3 d5 2. c4 e6 3. g3 Nf6 4. Bg2 dxc4 5. Qa4+ Nbd7 6. Qxc4 a6 7. O-O c5 8. b3 b6 9. Bb2 Bb7 10. d3 Bd6 11.
Nbd2 O-O 12. a3 Rc8 13. Rac1 h6 14. Qc2 Qc7 15. Nc4 Be7 16. Qb1 Rfd8 17. Qa1 Bf8 18. Rfd1 Nd5 19. Nce5 N7f6 20. h4 Qb8 21. Nc4 b5 22. Na5 Ne8 23. Nxb7 Qxb7 24. d4 c4 25. e4 c3 26. exd5 cxb2 27. Qxb2 Rxc1 28. Rxc1 Qxd5 29.
Ne5 Qxd4 30. Qxd4 Rxd4 31. Rc8 Nd6 32. Ra8 Nf5 33. Rxa6 Rd1+ 34. Kh2 Bc5 35. Ra8+ Kh7 36. Be4 g6 37. Nxf7 Bxf2 38. Bxf5 exf5 39. Kg2 Bc5 40. a4 Rd3 41. a5 Rxb3 42. a6 Ra3 43. Nd8 b4 44. Nc6 b3 45. a7 Bxa7 46. Nxa7 b2 47. Rb8 Ra2 48. Kh3 Rxa7 49. Rxb2 Kg7 50. Rb6 Rf7 51. Rc6 Rf6 52. Rc7+ Kf8 53. Rb7 Rf7 54.
Rb6 Kg7 55. Kg2 Re7 56. Rc6 Kf7 57. Kf3 Rd7 58. Rb6 Rd3+ 59. Kf2 Rd2+ 60. Kf3 g5 61. hxg5 hxg5 62. Rc6 Rd3+ 63. Kf2 Rd7 64. Rb6 Re7 65. Rc6 Re6 66. Rc7+ Kf6 67. Rc8 Rb6 68. Rc7 Rb2+ 69. Kf3 g4+ 70. Ke3 Rb3+ 71. Kf2 Kg6 72. Rd7 Rc3 73.
Rd6+ Kg5 74. Rd8 Rc2+ 75. Kf1 Kf6 76. Re8 Rd2 77. Rd8 f4 78. Rxd2 Kf5 79. Kf2 f3 80.
Ke3 f2 81. Rd1 Kg5 82. Rf1 Kf5 83. Rxf2+ Ke5 84. Rf4 Ke6 85. Rxg4 Kf5 86. Rf4+ Ke5 87. Kf3 Kd5 88. g4 Ke5 89. Rf5+ Ke6 90. Kf4 Ke7 91.
g5 Ke6 92. Rf6+ Ke7 93. Kf5 Ke8 94. g6 Ke7 95. Rf7+ Kd6 96. Kg5 Ke5 97. Kh6 Ke4 98. Kg7 Ke5 99. Kh7 Ke6 100. g7 Kxf7 101. g8=Q+ Kf6 102. Qg7+ Kf5 103. Qf8+ Ke4 104. Kg6 Ke5 105. Kg5 Ke4 106.
Qf4+ Kd3 107. Qe5 Kc4 108. Kf4 Kd3 109. Qd5+ 1-0

[Event "Early-Titled-Tuesday-Blitz-June-18-2024"]
[Site "Chess.com"]
[Date "2024.06.18"]
[Round "10"]
[White "doublesik"]
[Black "Abund"]
[Result "1-0"]
[WhiteElo "2600"]
[BlackElo "2709"]
[TimeControl "180+1"]
[EndTime "10:00:01 PDT"]
[Termination "doublesik won by resignation"]

1. d4 Nf6 2. c4 e6 3. Nf3 b6 4. g3 Ba6 5. Qc2 c5 6. d5 Bb7 7. Bg2 exd5 8. cxd5 Bxd5 9. Nc3 Bc6 10. e4 Be7 11. Bf4 O-O 12. O-O d6 13. Rad1 Qc7 14. b4 Nbd7 15. Nd4 Ne5 16. Nxc6 Qxc6 17. b5 Qc8 18. Be3 Re8 19. f4 Nc4 20. Bf2 Ng4 21.
Rfe1 Nxf2 22. Qxf2 Bf6 23. e5 dxe5 24. Bxa8 Qxa8 25.
Nd5 Bd8 26. Qe2 Na5 27. fxe5 Qc8 28. Qf3 h6 29. Rf1 Qe6 30. Nf4 Qxe5 31. Rde1 Qd4+ 32.
Kg2 Qd2+ 33. Re2 Rxe2+ 34. Nxe2 Bf6 35. Rf2 Qd7 36. Qa8+ Kh7 37. Qe4+ Kg8 38. Nf4 Bd4 39. Rd2 Nc4 40. Re2 Nd6 41. Qd5 g5 42. Nh5 Qd8 43.
a4 Kf8 44. Rd2 Qc7 45. Re2 Qb7 46. Qxb7 Nxb7 47. g4 Nd6 48. Ng3 Kg7 49. h3 Kg6 50.
Re7 c4 51. Rxa7 c3 52. Rc7 Bc5 53. Ne2 c2 54. Kf3 Nc4 55. Nc1 Na5 56. Ke4 Kf6 57.
Kd3 Ke6 58. Kxc2 f5 59. gxf5+ Kxf5 60. Nd3 Be3 61. Nb4 h5 62. Nd5 Bg1 63. Rg7 g4 64. hxg4+ hxg4 65. Kd3 Nb3 66. Ne3+ Kf6 67. Rxg4 Nc5+ 68.
Ke2 Bh2 69. Nd5+ Ke5 70. Nxb6 Kf5 71. Rg2 Bc7 72. a5 Ke5 73. Nc4+ Kd5 74. b6 Bb8 75. Nb2 Kc6 76. Nc4 Kb5 77. Rg4 Nb7 78. Kd3 Nc5+ 79. Kc3 Bh2 80. Rg5 Kc6 81. Kb4 Na6+ 82.
Ka4 Nc5+ 83. Ka3 Bf4 84. Ne5+ Kb5 85. Rh5 Kxa5 86. Nd7 Bd6 87. Nxc5 Kxb6 88. Kb4 Kc6 89. Kc4 Bc7 90. Rh6+ Bd6 91. Ne4 Kc7 92. Rxd6 Kb7 93. Kc5 Ka8 94. Rd7 Kb8 95. Kc6 Ka8 96. Kb6 1-0

[Event "Early-Titled-Tuesday-Blitz-June-18-2024"]
[Site "Chess.com"]
[Date "2024.06.18"]
[Round "10"]
[White "BardArtem"]
[Black "snowlord"]
[Result "1/2-1/2"]
[WhiteElo "2850"]
[BlackElo "2956"]
[TimeControl "180+1"]
[EndTime "10:00:26 PDT"]
[Termination "Game drawn by 50-move rule"]

1. e4 d6 2. d4 Nf6 3. Nc3 g6 4.
Nf3 Bg7 5. Be2 O-O 6. O-O a6 7. h3 e6 8. a4 Nc6 9. Re1 b6 10. Bg5 h6 11. Bf4 Bb7 12. Qd2 Kh7 13. Rad1 Re8 14. Bf1 Nb4 15. Ne2 c5 16. Ng3 Qe7 17. d5 exd5 18. c3 Na2 19. exd5 Qd7 20. Rxe8 Nxe8 21.
Bc4 Qxa4 22. b3 Qa5 23. b4 cxb4 24. Bxa2 bxc3 25. Qc2 Nf6 26. h4 Bxd5 27. Bxd5 Nxd5 28. Qe4 c2 29. Rxd5 Qa1+ 30. Kh2 c1=Q 31. Bxc1 Qxc1 32. h5 Qc6 33. hxg6+ fxg6 34. Nh4 Qe8 35. Qd3 Be5 36. Nf3 Bf4 37. Rd4 Qf7 38. Qe4 Rf8 39. Kg1 b5 40. Ne2 Be5 41. Rd2 Qg7 42. Nxe5 Qxe5 43. Qxe5 dxe5 44. Ra2 Rf6 45. Nc3 Rc6 46. Nd5 e4 47. Nb4 Rc4 48. Nxa6 g5 49. Rb2 Rc3 50. Rxb5 e3 51.
fxe3 Rxe3 52. Nc5 Re5 53. Rb7+ Kg6 54. Nd3 Rd5 55. Nf2 h5 56. Rb6+ Kf5 57. Rb8 Rd4 58.
Rf8+ Kg6 59. Rg8+ Kf6 60. Rf8+ Kg6 61. Rf3 g4 62. Ra3 h4 63. Kf1 Rf4 64. Ke2 Rb4 65. Ra5 h3 66. gxh3 gxh3 67. Nxh3 Rb2+ 68. Kf3 Rb3+ 69. Kg4 Rb4+ 70. Nf4+ Kf6 71. Ra6+ Ke7 72. Rh6 Kd7 73. Kf3 Rb1 74. Ke4 Re1+ 75. Kf5 Rd1 76.
Rh7+ Kd6 77. Rh6+ Kd7 78. Ra6 Rd6 79. Ra7+ Kc6 80. Ra1 Kd7 81. Ke5 Rd2 82. Ra7+ Kc6 83. Ra6+ Kd7 84. Nd5 Re2+ 85. Kd4 Rd2+ 86. Kc4 Rd1 87.
Nb4 Rd2 88. Nd3 Rd1 89. Kd4 Ke7 90. Rh6 Kd7 91. Rh3 Kd6 92. Ke4 Ke6 93. Nf4+ Kd7 94. Rh6 Kc7 95. Nd5+ Kd7 96. Ne3 Re1 97. Rh7+ Kd6 98.
Kd4 Ke6 99. Rh6+ Kd7 100. Nc4 Rd1+ 101. Kc5 Re1 102. Nb6+ Ke7 103. Nd5+ Kf7 104. Kd6 Re2 105. Rh3 Re1 106. Rf3+ Kg6 107. Nf4+ Kg7 108. Ne6+ Kg6 109. Rg3+ Kf6 110. Rf3+ Kg6 111. Ke7 Kh5 112. Rg3 Kh4 113. Rg8 Re4 114. Kf6 Rg4 115. Rh8+ Kg3 116. Kf5 Ra4 117. Rg8+ 1/2-1/2

[Event "Early-Titled-Tuesday-Blitz-June-18-2024"]
[Site "Chess.com"]
[Date "2024.06.18"]
[Round "11"]
[White "tarno17"]
[Black "McCarthyStone"]
[Result "0-1"]
[WhiteElo "2171"]
[BlackElo "2526"]
[TimeControl "180+1"]
[EndTime "10:01:41 PDT"]
[Termination "McCarthyStone won by resignation"]

1. e4 c5 2. Nf3 d6 3. Bb5+ Nc6 4. O-O Nf6 5. d3 g6 6. Nc3 Bg7 7. Ne2 O-O 8. Ng3 Bg4 9. h3 Bxf3 10. Qxf3 Nd4 0-1

[Event "Early-Titled-Tuesday-Blitz-June-18-2024"]
[Site "Chess.com"]
[Date "2024.06.18"]
[Round "11"]
[White "dianamirza"]
[Black "aquarium76"]
[Result "0-1"]
[WhiteElo "1783"]
[BlackElo "2965"]
[TimeControl "180+1"]
[EndTime "10:02:31 PDT"]
[Termination "aquarium76 won by resignation"]

1. d4 Nf6 2. c4 g6 3. Nc3 Bg7 4. e4 d6 5. f3 O-O 6. Be3 b6 7. Qd2 c5 8. d5 e6 9. g3 Re8 10. Nge2 Nbd7 11. Nb5 Ne5 12. b3 Nxf3+ 0-1

[Event "Early-Titled-Tuesday-Blitz-June-18-2024"]
[Site "Chess.com"]
[Date "2024.06.18"]
[Round "11"]
[White "UK_23"]
[Black "Sic_Transit_GM"]
[Result "0-1"]
[WhiteElo "2412"]
[BlackElo "2572"]
[TimeControl "180+1"]
[EndTime "10:02:54 PDT"]
[Termination "Sic_Transit_GM won by resignation"]

1. e4 e5 2. Nf3 Nc6 3. d4 exd4 4. Nxd4 Nf6 5. Nxc6 bxc6 6. Nd2 Bc5 7. Bd3 d5 8.
O-O O-O 9. a3 a5 10. c4 Ng4 11.
Nf3 dxe4 12. Bxe4 Qxd1 13. Rxd1 Nxf2 0-1

[Event "Early-Titled-Tuesday-Blitz-June-18-2024"]
[Site "Chess.com"]
[Date "2024.06.18"]
[Round "11"]
[White "ValeriyGrinev"]
[Black "PapaieDudu"]
[Result "0-1"]
[WhiteElo "2551"]
[BlackElo "2357"]
[TimeControl "180+1"]
[EndTime "10:03:35 PDT"]
[Termination "PapaieDudu won by resignation"]

1. d4 c5 2. d5 d6 3. c4 g6 4.
Nc3 Bg7 5. Bd2 Nf6 6. e4 O-O 7. Nf3 Re8 8. Be2 a6 9. a4 b6 10.
O-O Bd7 11. Qc2 a5 12. b3 Na6 13. Rae1 Nb4 14. Qb1 e6 15. h3 Qc7 16. Bf4 e5 17. Be3 Kh8 18. Nd2 Ng8 19. f4 f6 20. f5 g5 21. h4 gxh4 22. Bh5 Rf8 23. Nf3 Be8 24.
Bxe8 Raxe8 25. Nxh4 Qf7 26. Qd1 Bh6 27. Qf3 Bxe3+ 28.
Rxe3 Nc2 29. Rd3 Nd4 30. Qg4 Qg7 31. Qh5 Nh6 32. Rh3 Rg8 33. Ng6+ hxg6 34. Qxh6+ Qxh6 35. Rxh6+ Kg7 36. Rxg6+ Kf7 37. Rxg8 Rxg8 38. Nb5 Nxb5 39.
axb5 Rg4 40. Re1 Rg3 41. Kf2 Rxb3 42. Rb1 Rxb1 0-1

[Event "Early-Titled-Tuesday-Blitz-June-18-2024"]
[Site "Chess.com"]
[Date "2024.06.18"]
[Round "11"]
[White "HansOnTwitch"]
[Black "zimmm36"]
[Result "1-0"]
[WhiteElo "3134"]
[BlackElo "2804"]
[TimeControl "180+1"]
[EndTime "10:03:56 PDT"]
[Termination "HansOnTwitch won by resignation"]

1. e4 c6 2. d4 d5 3. e5 Bf5 4. Nd2 e6 5. Nb3 a6 6. Be3 Ne7 7. Nf3 h6 8. Be2 Nd7 9. O-O g5 10. c4 Bg7 11. Rc1 O-O 12. Re1 Ng6 13. h3 f6 14. cxd5 exd5 15. Bd3 fxe5 16. Bxf5 Rxf5 17. dxe5 Ngxe5 18. Nfd4 Rf6 19. Bd2 Rg6 20. Nf5 g4 21. hxg4 Nxg4 22. Ne7+ 1-0

[Event "Early-Titled-Tuesday-Blitz-June-18-2024"]
[Site "Chess.com"]
[Date "2024.06.18"]
[Round "11"]
[White "elizabethcastaneda"]
[Black "KorolDimitriy75"]
[Result "0-1"]
[WhiteElo "2184"]
[BlackElo "2491"]
[TimeControl "180+1"]
[EndTime "10:04:27 PDT"]
[Termination "KorolDimitriy75 won by resignation"]

1. e4 c5 2. Nf3 d6 3. d4 cxd4 4. Nxd4 Nf6 5. Nc3 g6 6. Be3 Bg7 7. f3 O-O 8. Qd2 Nc6 9. g4 Be6 10. Nxe6 fxe6 11. Be2 Qc8 12. O-O-O Ne5 13. h4 Nc4 14.
Bxc4 Qxc4 15. h5 Nd7 16. hxg6 hxg6 17. Bh6 Bxc3 18. bxc3 Rxf3 19. Qg5 Kf7 20. Rd4 Qxc3 0-1

[Event "Early-Titled-Tuesday-Blitz-June-18-2024"]
[Site "Chess.com"]
[Date "2024.06.18"]
[Round "11"]
[White "KnightDuta"]
[Black "Ordekalog"]
[Result "1-0"]
[WhiteElo "2732"]
[BlackElo "2619"]
[TimeControl "180+1"]
[EndTime "10:04:51 PDT"]
[Termination "KnightDuta won by resignation"]

1. d4 Nf6 2. Bf4 Nd5 3. Bg3 f5 4. e4 Nf6 5. exf5 d5 6. Bd3 Nc6 7. c3 e6 8. fxe6 Bxe6 9. Nf3 Qd7 10. Ng5 O-O-O 11. Nxe6 Qxe6+ 12. Qe2 Qd7 13. O-O Bd6 14. Qf3 Kb8 15. Nd2 Rdf8 16. Qd1 g5 17. Nf3 Bxg3 18.
fxg3 Qg7 19. Bb5 Nd8 20. Ne5 c6 21. Bd3 Ne6 22. b4 Nc7 23. Qe2 Re8 24. Rxf6 Qxf6 25. Nd7+ Kc8 26. Nxf6 Rxe2 27. Bxe2 1-0